 Dungeon Crawl Stone Soup version 0.32-a0-616-g9348d4545b (webtiles) character file.

Game seed: 13007772665000571185

40457 Atlas the Thaumaturge (level 13, -7/109 HPs)
             Began as a Demonspawn Fire Elementalist on Mar 6, 2024.
             Was a High Priest of Vehumet.
             Mangled by a minotaur
             ... wielding a +2 dire flail of holy wrath
              (40 damage)
             ... in a Gauntlet.
             The game lasted 00:29:01 (17789 turns).

Atlas the Thaumaturge (DsFE)                       Turns: 17789, Time: 00:29:01

Health: -7/109     AC: 10    Str:  3 (6)  XL:     13   Next: 74%
Magic:  30/48      EV: 15    Int: 16 (18) God:    Vehumet [*****.]
Gold:   769        SH: 13    Dex: 11 (14) Spells: 12/38 levels left

rFire   . . .        S - +8 eveningstar "Donuptez" {speed, rN++ MP+9}
rCold   + + .        p - +0 buckler
rNeg    + + .        J - +3 leather armour {rPois}
rPois   +            (helmet restricted)
rElec   +            m - +2 cloak
rCorr   .            (no gloves)
SInv    .            u - +0 pair of boots
Will    .....        H - amulet of Morality {Reflect rElec rC++ Str-5 SH+5 Stlth+}
Stlth   +++          k - +5 ring of evasion
HPRegen 0.38/turn    l - ring of magical power
MPRegen 0.31/turn

%: no teleportation, reflection
@: studying 2 skills
A: antennae 1, large bone plates 1, ignite blood 1, demonic magic 3
a: Renounce Religion


You were in a Gauntlet.
You worshipped Vehumet.
Vehumet was extremely pleased with you.
You visited 1 branch of the dungeon, and saw 14 of its levels.
You also visited: Bailey and Gauntlet.

You collected 811 gold pieces.
You spent 42 gold pieces at shops.

Inventory:

Hand Weapons
 G - a +1 whip of electrocution
 S - the +8 eveningstar "Donuptez" (weapon) {speed, rN++ MP+9}
   (You found it in a Gauntlet)

   rN++:      It greatly protects you from negative energy.
   MP+9:      It affects your magic capacity (+9).
Armour
 m - a +2 cloak (worn)
 p - a +0 buckler (worn)
 u - a +0 pair of boots (worn)
 J - a +3 leather armour of poison resistance (worn)
 Q - the +3 ring mail of Abstinence {^Drain rF++ Will+ SInv}
   (You found it on level 12 of the Dungeon)

   rF++:      It greatly protects you from fire.
   Will+:     It increases your willpower.
   SInv:      It lets you see invisible.
   ^Drain:    It drains your maximum health when unequipped.
Magical Staves
 K - a staff of fire
Jewellery
 k - a +5 ring of evasion (left hand)
 l - a ring of magical power (right hand)
 B - a ring of flight
 H - the amulet of Morality (around neck) {Reflect rElec rC++ Str-5 SH+5 Stlth+}
   (You found it on level 6 of the Dungeon)

   [amulet of reflection]

   Reflect:   It reflects blocked missile attacks.
   Str-5:     It affects your strength (-5).
   rC++:      It greatly protects you from cold.
   rElec:     It insulates you from electricity.
   SH+5:      It affects your SH (+5).
   Stlth+:    It makes you more stealthy.
 N - a ring of see invisible
 O - an amulet of regeneration
 P - a ring of poison resistance
Wands
 s - a wand of warping (10)
 y - a wand of paralysis (3)
 C - a wand of polymorph (30)
 D - a wand of flame (30)
 M - a wand of digging (4)
Scrolls
 c - a scroll of brand weapon
 d - 2 scrolls of poison
 e - 6 scrolls of fear
 f - 2 scrolls of torment
 h - 9 scrolls of teleportation
 n - 7 scrolls of enchant armour
 t - 2 scrolls of enchant weapon
 v - 2 scrolls of fog
 A - 2 scrolls of revelation
 I - 2 scrolls of immolation
Potions
 a - 2 potions of degeneration
 b - a potion of magic
 g - 4 potions of attraction
 i - 5 potions of heal wounds
 j - a potion of lignification {unknown}
 o - 2 potions of haste {unknown}
 r - 4 potions of cancellation
 w - a potion of brilliance {unknown}
 x - a potion of enlightenment {unknown}
 z - 6 potions of curing
 E - 3 potions of mutation
 F - a potion of might {unknown}
 R - a potion of invisibility {unknown}


   Skills:
 + Level 12.6 Fighting
 + Level 1.3 Maces & Flails
 + Level 3.3 Armour
 + Level 2.9 Dodging
 - Level 2.4 Stealth
 + Level 3.1 Shields
 + Level 0.1 Unarmed Combat
 + Level 13.4 Spellcasting
 + Level 8.7 Conjurations
 * Level 3.0 Necromancy
 + Level 11.9 Fire Magic
 + Level 0.8 Air Magic
 * Level 2.3 Earth Magic
 + Level 0.8 Alchemy


You had 12 spell levels left.
You knew the following spells:

 Your Spells              Type           Power      Damage    Failure   Level
a - Scorch                Fire           96%        2d9       1%          2
b - Foxfire               Conj/Fire      100%       2x1d9     1%          1
c - Flame Wave            Conj/Fire      43%        2d11      1%          4
d - Mephitic Cloud        Conj/Alch/Air  21%        N/A       4%          3
e - Borgnjor's Vile Clut  Necr/Erth      9%         N/A       92%         5
f - Fireball              Conj/Fire      21%        3d10      2%          5
g - Plasma Beam           Fire/Air       15%        2x1d27    54%         6

Your spell library contained the following spells:

 Spells                   Type           Power      Damage    Failure   Level
 Starburst                Conj/Fire      21%        6d7       16%         6
 Momentum Strike          Conj/Tloc      48%        3d9       1%          2
 Inner Flame              Hex/Fire       29%        N/A       1%          3
 Volatile Blastmotes      Fire/Tloc      58%        2d14      1%          3
 Dazzling Flash           Conj/Hex       48%        N/A       3%          3
 Hailstorm                Conj/Ice       24%        3d7       3%          3
 Iskenderun's Battlesphe  Conj           38%        2d9       5%          5
 Freeze                   Ice            40%        1d6       7%          1
 Brom's Barrelling Bould  Conj/Erth      28%        2d5       7%          4
 Frozen Ramparts          Ice            20%        1d4       19%         3
 Arcjolt                  Conj/Air       13%        1d23      24%         5
 Blink                    Tloc           20%        N/A       36%         2
 Lesser Beckoning         Tloc           20%        N/A       36%         2
 Animate Dead             Necr           20%        N/A       56%         4
 Gell's Gravitas          Tloc           10%        N/A       58%         3
 Teleport Other           Tloc           10%        N/A       58%         3
 Conjure Ball Lightning   Conj/Air       13%        3x3d6     75%         6
 Orb of Destruction       Conj           19%        9d8       78%         7
 Curse of Agony           Necr           20%        N/A       88%         5
 Vhi's Electric Charge    Tloc/Air       24%        N/A       90%         4
 Silence                  Hex/Air        6%         N/A       99%         5
 Death Channel            Necr           10%        N/A       100%        6
 Maxwell's Capacitive Co  Air            6%         ∞         100%        8


Dungeon Overview and Level Annotations

Branches:
Dungeon (14/15)            Temple (0/1) D:7            Lair (0/5) D:11
    Orc (0/2) D:12         Vaults (0/5) D:13         Bailey (visited)
Gauntlet (1/1)

Altars:
Ashenzari
Dithmenos
Fedhas
Gozag
Hepliaklqana
Kikubaaqudgha
Qazlal
Trog
Uskayaw
Vehumet
Wu Jian
Xom

Shops:
D:6 !

Annotations:
Gauntlet 4 transporters


Innate Abilities, Weirdness & Mutations

You have a pair of small antennae on your head.
You are partially covered in large bone plates. (SH +4)
Your demonic aura sometimes causes spilled blood to erupt in flames.
Spells you cast and wands you use may paralyse nearby enemies.


Message History

The silver javelin pierces through you!!
* * * LOW HITPOINT WARNING * * *
The silver sears you!
* * * LOW HITPOINT WARNING * * *
Blink to where?
Press: ? - help, Dir - move target, p - minotaur
As you read the scroll of blinking, it crumbles to dust.
You feel much better.
You feel much better.
As you read the scroll of fog, it dissolves into smoke.
Casting: Scorch (safe; 1% risk of failure)
Confirm with . or Enter, or press ? or * to list all spells.
Aiming: Fireball (dangerous; 1% risk of failure)
Press: ? - help, Shift-Dir - straight line, f - minotaur
Aim: a minotaur, wielding a +2 dire flail of holy wrath, wearing a +0 chain mail, wearing a ring of poison resistance and quivering silver javelins (purple smoke, lightly wounded)
The fireball explodes!
The fireball engulfs the minotaur!
The minotaur is moderately wounded.
Malevolent energies surge around you.
Unknown command.
Casting: Fireball (dangerous; 1% risk of failure)
Confirm with . or Enter, or press ? or * to list all spells.
Okay, then.
Unknown command.
Aiming: Polymorph
Press: ? - help, Shift-Dir - straight line, f/p - minotaur
Aim: a minotaur, wielding a +2 dire flail of holy wrath, wearing a +0 chain mail, wearing a ring of poison resistance and quivering silver javelins (purple smoke, moderately wounded, will become a radroach, a deep troll, or a goliath frog, chance to affect: 1%)
Okay, then.
Aiming: Warp Space
Press: ? - help, Shift-Dir - straight line, f/p - minotaur
Aim: a minotaur, wielding a +2 dire flail of holy wrath, wearing a +0 chain mail, wearing a ring of poison resistance and quivering silver javelins (purple smoke, moderately wounded)
Okay, then.
Unknown command.
Unknown command.
Okay, then.
It was a potion of degeneration.
There was something very wrong with that liquid.
You feel weakened.
You feel dopey.
You feel clumsy.
The minotaur hits you with a +2 dire flail of holy wrath!!
You convulse!!!
You die...

#.#©#.##..###≈##
########...#≈≈≈#
..#©..ß#...#...###
ß.#...©#.ß.#...#..
..#©..ß#.⌠.#.ß.#.#
########.ß.#.©.#.#
.......#...#.ß.#.#.#
.#.†##.#...#.©.#.#.####
...©##.#.ß.#.ߧ#@#.#⌠.⌠###
.###...#.∩.#.©§§H#.#.∩...#
.###...#.ß.#.ß.#§#.# #.#
.###†..#...#.©.#§#.#####.#
...©...#...#.ß.#§#.##....#
########.ß.#.©.#§§...H####
..#©..ß#.⌠.#.ß.#.######
ß.#...©#.ß.#...#..
..#©..ß#...#...####


You could see a minotaur.

Vanquished Creatures
  Gastronok (D:12)
  Kirke (D:12)
  An entropy weaver (Gauntlet)
  A great orb of eyes (Gauntlet)
  4 vault guards
  4 boulder beetles
  2 centaur warriors (D:12)
  3 two-headed ogres
  An orc knight (Bailey)
  A wolf spider (Gauntlet)
  An oklob plant (D:13)
  3 cyclopes
  5 ugly things
  4 manticores
  A moth of wrath (Gauntlet)
  3 gargoyles (D:12)
  A komodo dragon (D:12)
  2 kobold demonologists (D:12)
  2 unseen horrors (D:11)
  2 hornets
  5 trolls
  Grinder (D:3)
  3 slime creatures (D:12)
  A jumping spider (Gauntlet)
  3 wyverns
  5 shadows
  13 yaks
  4 hogs (D:12)
  A wraith (D:12)
  7 humans (D:13)
  A basilisk (D:13)
  4 vampires
  Eustachio (D:6)
  4 redbacks (Gauntlet)
  A vampire mosquito (D:12)
  Edmund (D:6)
  10 orc warriors
  A water moccasin (D:6)
  A black bear (D:5)
  3 ice beasts
  A sky beast (D:7)
  2 ogres
  2 wolves (D:11)
  5 centaurs
  5 kobold brigands
  3 phantoms
  2 bullfrogs
  2 gnoll sergeants (D:8)
  3 scorpions
  6 wights
  3 killer bees (D:10)
  3 howler monkeys
  A bombardier beetle (D:5)
  2 jellies
  A gnoll bouda (D:5)
  2 orc priests
  A hound (D:5)
  4 iguanas
  2 sleepcaps (D:5)
  6 orc wizards
  15 gnolls
  12 adders
  4 white imps
  2 dart slugs
  4 ribbon worms
  39 orcs
  4 ball pythons
  5 endoplasms
  A giant cockroach (D:2)
  8 goblins
  6 hobgoblins
  10 jackals
  4 quokkas
  5 bats
  3 frilled lizards (D:1)
  32 kobolds
  8 rats
331 creatures vanquished.

Vanquished Creatures (collateral kills)
  12 foxfires
12 creatures vanquished.

Vanquished Creatures (others)
  A human (D:13)
  A steam dragon (D:10)
  A black bear (D:5)
  A scorpion (D:5)
  A hound (D:5)
  An orc (D:5)
  837 foxfires
843 creatures vanquished.

Grand Total: 1186 creatures vanquished

Notes
Turn   | Place    | Note
-------+----------+-------------------------------------------
     0 | D:1      | Atlas the Demonspawn Fire Elementalist began the quest for
                  | the Orb.
     0 | D:1      | Reached XP level 1. HP: 13/13 MP: 3/3
   250 | D:1      | Gained mutation: You are partially covered in large bone
                  | plates. (SH +4) [demonic ancestry]
   250 | D:1      | Reached XP level 2. HP: 14/19 MP: 1/5
  1746 | D:2      | Gained mutation: Your demonic aura sometimes causes spilled
                  | blood to erupt in flames. [demonic ancestry]
  1746 | D:2      | Reached XP level 3. HP: 24/24 MP: 6/6
  1761 | D:1      | Learned a level 2 spell: Scorch
  1881 | D:2      | Found a faded altar of an unknown god.
  2027 | D:2      | You fall into a shaft and drop 1 floor!
  2332 | D:2      | Reached XP level 4. HP: 30/30 MP: 7/7
  2457 | D:2      | Identified the +0 robe of Cocytus {*Corrode rElec Int+3
                  | Dex+3}
  2913 | D:3      | Noticed Grinder
  2917 | D:3      | Killed Grinder
  2918 | D:3      | Reached skill level 4 in Spellcasting
  2918 | D:3      | Gained mutation: Spells you cast may paralyse adjacent
                  | enemies. [demonic ancestry]
  2918 | D:3      | Reached XP level 5. HP: 35/35 MP: 6/11
  2918 | D:3      | Gained mutation: Spells you cast may paralyse nearby
                  | enemies. [demonic ancestry]
  2918 | D:3      | Reached XP level 6. HP: 41/41 MP: 6/12
  3011 | D:3      | Found an opulent altar of Gozag.
  3416 | D:3      | Found a radiant altar of Vehumet.
  3916 | D:4      | Found an ancient bone altar of Kikubaaqudgha.
  3981 | D:4      | Found a shadowy altar of Dithmenos.
  4015 | D:4      | Learned a level 4 spell: Flame Wave
  4078 | D:4      | Reached skill level 5 in Fire Magic
  4084 | D:4      | Reached XP level 7. HP: 46/46 MP: 8/14
  4450 | D:4      | Found an ornate altar of the Wu Jian Council.
  4549 | D:3      | Became a worshipper of Vehumet
  4878 | D:5      | Entered Level 5 of the Dungeon
  4959 | D:5      | Reached skill level 5 in Spellcasting
  4979 | D:5      | Reached skill level 1 in Armour
  5420 | D:5      | Reached XP level 8. HP: 52/52 MP: 16/16
  5791 | D:5      | Found a shimmering altar of Xom.
  5800 | D:5      | Reached skill level 6 in Spellcasting
  6794 | D:6      | Reached * piety under Vehumet
  6794 | D:6      | Offered knowledge of Kiss of Death by Vehumet.
  6974 | D:6      | Identified the amulet of Morality {Reflect rElec rC++ Str-5
                  | SH+5 Stlth+}
  7236 | D:6      | Noticed Eustachio
  7244 | D:6      | Found Riraabb's Distillery.
  7246 | D:6      | Killed Eustachio
  7247 | D:6      | Reached skill level 7 in Spellcasting
  7247 | D:6      | Gained mutation: You have a pair of small antennae on your
                  | head. [demonic ancestry]
  7247 | D:6      | Reached XP level 9. HP: 56/57 MP: 19/19
  7307 | D:6      | Bought a potion of curing for 42 gold pieces
  7335 | D:6      | Identified the +1 scale mail of Yraqip {rElec rPois Regen+
                  | Str-3}
  7351 | D:6      | Noticed Edmund
  7361 | D:6      | Killed Edmund
  7811 | D:7      | Found a hazy altar of Hepliaklqana.
  7973 | D:7      | Reached skill level 8 in Spellcasting
  8066 | D:7      | Found a staircase to the Ecumenical Temple.
  8145 | D:7      | Found a hide-covered altar of Uskayaw.
  8605 | D:8      | Noticed a two-headed ogre
  8620 | D:8      | Killed a two-headed ogre
  8621 | D:8      | Reached skill level 9 in Spellcasting
  8793 | D:8      | Reached ** piety under Vehumet
  8793 | D:8      | Offered knowledge of Static Discharge by Vehumet.
  8801 | D:8      | Gained mutation: Spells you cast and wands you use may
                  | paralyse nearby enemies. [demonic ancestry]
  8801 | D:8      | Reached XP level 10. HP: 64/64 MP: 20/23
  9050 | D:8      | Reached skill level 1 in Maces & Flails
  9051 | D:8      | Reached skill level 1 in Shields
  9500 | D:9      | Reached skill level 5 in Conjurations
  9675 | D:9      | Offered knowledge of Mephitic Cloud by Vehumet.
  9684 | D:9      | Reached skill level 10 in Spellcasting
  9691 | D:9      | Learned a level 3 spell: Mephitic Cloud
  9756 | D:9      | Found a broken altar of Ashenzari.
  9880 | D:9      | Found a stormy altar of Qazlal.
 10445 | D:10     | Entered Level 10 of the Dungeon
 10478 | D:10     | Found a flagged portal.
 10484 | D:10     | Reached *** piety under Vehumet
 10493 | Bailey   | Entered a bailey
 10852 | Bailey   | Offered knowledge of Olgreb's Toxic Radiance by Vehumet.
 10894 | Bailey   | Noticed an orc knight
 10913 | Bailey   | Killed an orc knight
 10914 | Bailey   | Reached XP level 11. HP: 69/69 MP: 15/25
 10932 | D:10     | Reached XP level 12. HP: 103/103 MP: 19/26
 11019 | D:10     | Noticed a two-headed ogre
 11028 | D:10     | Killed a two-headed ogre
 11067 | D:10     | Learned a level 5 spell: Borgnjor's Vile Clutch
 11144 | D:10     | Found a bloodstained altar of Trog.
 11262 | D:10     | Reached skill level 11 in Spellcasting
 11521 | D:11     | Learned a level 5 spell: Fireball
 11574 | D:11     | Reached skill level 10 in Fire Magic
 11638 | D:11     | Found a staircase to the Lair.
 11994 | D:11     | Reached **** piety under Vehumet
 12054 | D:11     | Noticed a boulder beetle
 12790 | D:11     | Killed a boulder beetle
 12950 | D:12     | Noticed a centaur warrior
 12950 | D:12     | Noticed a centaur warrior
 12951 | D:12     | Noticed a boulder beetle
 12956 | D:12     | Killed a centaur warrior
 12957 | D:12     | Killed a centaur warrior
 12959 | D:12     | Offered knowledge of Ignite Poison by Vehumet.
 12960 | D:12     | Reached skill level 12 in Spellcasting
 12962 | D:12     | Killed a boulder beetle
 13385 | D:12     | Noticed Kirke
 13392 | D:12     | Killed Kirke
 13421 | D:12     | Noticed a boulder beetle
 13434 | D:12     | Found a staircase to the Orcish Mines.
 13714 | D:12     | Noticed Gastronok
 13751 | D:12     | Killed Gastronok
 13999 | D:12     | Reached XP level 13. HP: 100/109 MP: 29/29
 14031 | D:12     | Identified the +3 ring mail of Abstinence {^Drain rF++
                  | Will+ SInv}
 14243 | D:12     | Learned a level 6 spell: Plasma Beam
 15118 | D:13     | Found a blossoming altar of Fedhas.
 15856 | D:13     | Reached skill level 13 in Spellcasting
 15861 | D:13     | Reached skill level 1 in Necromancy
 15868 | D:13     | Reached skill level 1 in Earth Magic
 16873 | D:13     | Found a gate to the Vaults.
 17083 | D:14     | Found a gate leading to a gauntlet.
 17093 | Gauntlet | Entered a Gauntlet
 17093 | Gauntlet | Found a transporter.
 17105 | Gauntlet | Found a transporter.
 17106 | Gauntlet | Found a transporter.
 17115 | Gauntlet | Found a transporter.
 17117 | Gauntlet | Found a transporter.
 17118 | Gauntlet | Found a transporter.
 17126 | Gauntlet | Found a transporter.
 17129 | Gauntlet | Found a transporter.
 17130 | Gauntlet | Found a transporter.
 17137 | Gauntlet | Found a runed translucent door.
 17140 | Gauntlet | Found a transporter.
 17141 | Gauntlet | Found a transporter.
 17142 | Gauntlet | Found a transporter.
 17150 | Gauntlet | Found a transporter.
 17211 | Gauntlet | Found a transporter.
 17414 | Gauntlet | Identified the +8 eveningstar "Donuptez" {speed, rN++ MP+9}
 17594 | Gauntlet | Reached ***** piety under Vehumet
 17594 | Gauntlet | Offered knowledge of Starburst by Vehumet.
 17770 | Gauntlet | Noticed a minotaur
 17789 | Gauntlet | Mangled by a minotaur

Illustrated notes

Levels and vault maps discovered:
D:1:      pf_arrival_petrified_forest, layout_loops_ring, serial_forest,
          infiniplex_forest_lined_2, infiniplex_forest_straight_3,
          infiniplex_forest_clump_curved, infiniplex_forest_straight_4,
          infiniplex_forest_end_1, infiniplex_forest_clump_large,
          supply_closet_lemuel, minmay_hedge_maze
D:2:      layout_basic, ebering_ecumenical_altar_box
D:3:      layout_loops_ring, nicolae_overflow_hidden_temple,
          nicolae_gozag_cash_rules_everything_around_me, serial_glass,
          glass_columns_c, glass_columns_b, uniq_grinder
D:4:      layout_basic, mainiacjoe_overflow_catch_the_wave,
          pdpol_wu_jian_five_deadly_venoms, minmay_fountain_box,
          dk_noncrumbling_3, saegor_snake_ambush
D:5:      layout_basic, xom_confusion_cloud, hangedman_decor_lopped,
          minmay_stone_trees_small, grunt_decor_arrowhead, grunt_decor_clamped,
          nicolae_concentric_dashed_squares_mild
D:6:      layout_basic, serial_shops, shop, uniq_edmund, uniq_eustachio
D:7:      layout_gridville, general_overflow_altar,
          mainiacjoe_overflow_concentric_impassable,
          minmay_temple_entry_statues, grunt_decor_cap
D:8:      layout_basic
D:9:      layout_loops_ring, nicolae_ashenzari_skybound,
          mainiacjoe_overflow_surrounded_room, nicolae_qazlal_scattered_showers
D:10:     layout_basic, mainiacjoe_overflow_alcove_1, trog_book, enter_bailey_3,
          kennysheep_generic_room_12
D:11:     layout_loops_cross, erik_lair_orcish_takeover, serial_glass,
          glass_columns_c, glass_columns_b
D:12:     minmay_ambush_box, layout_stronghold, david_orc_2,
          minmay_joined_circles, uniq_gastronok, uniq_kirke
D:13:     layout_roguey, ximxim_vaults_locker_room, tgw_fedhas
D:14:     layout_roguey, lemuel_doored_altar, gammafunk_ghost_icy,
          gauntlet_entry_generic, serial_glass, glass_columns_b,
          glass_columns_c, due_unseen_surprise, item_on_display_a, uniq_roxanne
Gauntlet: gammafunk_gauntlet_77_escape_option
          [minmay_gauntlet_arena_77_radiant_squares,
          minmay_gauntlet_arena_77_checkered,
          minmay_gauntlet_arena_77_block_sizes, minmay_gauntlet_arena_77_path,
          minmay_gauntlet_arena_77_mirror, dreamdust_gauntlet_exit_labyrinth]

Skill      XL: |  1  2  3  4  5  6  7  8  9 10 11 12 13 |
---------------+----------------------------------------+-----
Fire Magic     | 3 4 5 6 7 8 9 11 | 11.9
Stealth        | 2 |  2.4
Spellcasting   | 4 5 7 9 10 12 13 | 13.4
Conjurations   | 2 3 4 5 7 8 |  8.7
Armour         | 1 2 3 |  3.3
Dodging        | 2 |  2.9
Maces & Flails | 1 |  1.3
Shields        | 1 2 3 |  3.1
Fighting       | 12 | 12.6
Necromancy     | 3 |  3.0
Earth Magic    | 2 |  2.3
Unarmed Combat | |  0.1
Air Magic      | |  0.8
Alchemy        | |  0.8

Action                     |  1- 3 |  4- 6 |  7- 9 | 10-12 | 13-15 || total
---------------------------+-------+-------+-------+-------+-------++-------
  Melee: Unarmed           |    22 |     1 |       |       |       ||    23
         Rapier            |       |       |     4 |       |       ||     4
         Whip              |       |       |     8 |    18 |       ||    26
         Staff             |       |       |       |    23 |    13 ||    36
         Eveningstar       |       |       |       |       |     2 ||     2
   Cast: Foxfire           |    82 |    19 |   224 |   165 |     2 ||   492
         Scorch            |     8 |    51 |    74 |   114 |    38 ||   285
         Flame Wave        |       |       |     4 |    15 |    13 ||    32
         Mephitic Cloud    |       |       |       |     9 |     1 ||    10
         Fireball          |       |       |       |    44 |    56 ||   100
    Use: Scroll            |       |       |     7 |     4 |     9 ||    20
         Potion            |       |       |       |     1 |     3 ||     4
   Stab: Paralysed         |       |       |     2 |     5 |       ||     7
         Confused          |       |       |       |     1 |       ||     1
 Armour: Robe              |     9 |     3 |       |       |       ||    12
         Leather armour    |       |     1 |    11 |    48 |    52 ||   112
  Dodge: Dodged            |    43 |     9 |    15 |    39 |    22 ||   128
  Block: Other             |     3 |     5 |     7 |       |       ||    15
         Buckler           |       |       |       |    64 |    38 ||   102
         Reflection        |       |       |       |    12 |     1 ||    13

Table legend: (Time is in decaauts)
 A = Elapsed time spent in this place.
 B = Non-inter-level travel time spent in this place.
 C = Inter-level travel time spent in this place.
 D = Time resting spent in this place.
 E = Time spent auto-exploring this place.
 F = Levels seen in this place.
 G = Mean time per level.
                   A        B        C        D        E       F      G
               +--------+--------+--------+--------+--------+-----+--------+
         Total |  17867 |  17269 |    598 |   2098 |  12702 |  16 | 1116.7 |
       Dungeon |  16733 |  16135 |    598 |   1726 |  12396 |  14 | 1195.2 |
        Bailey |    437 |    437 |      0 |      0 |    295 |   1 |  437.0 |
      Gauntlet |    695 |    695 |      0 |    372 |     11 |   1 |  695.0 |
               +--------+--------+--------+--------+--------+-----+--------+

Top non-repeatable levels by time:
    D:12: 2541 daAuts
     D:5: 1905 daAuts
     D:1: 1843 daAuts
    D:13: 1439 daAuts
    D:11: 1311 daAuts
     D:4: 1133 daAuts
     D:9: 1071 daAuts
     D:3: 994 daAuts
     D:2: 932 daAuts
     D:6: 929 daAuts
    D:10: 919 daAuts
     D:7: 870 daAuts
     D:8: 799 daAuts
Gauntlet: 695 daAuts
  Bailey: 437 daAuts
